 Dungeon Crawl Stone Soup version 0.20-a0-1043-gbd57889 (webtiles) character file.

111 nikopol the Skirmisher (level 4, -9/43 HPs)
             Began as a Gargoyle Berserker on Apr 19, 2017.
             Was a Believer of Trog.
             Killed by divine providence
             ... invoked by an orc priest
              (13 damage)
             ... on level 3 of the Dungeon on Apr 24, 2017.
             The game lasted 00:04:10 (1835 turns).

nikopol the Skirmisher (Gargoyle Berserker)         Turns: 1835, Time: 00:04:11

Health: -9/43      AC: 12    Str: 26    XL:     4   Next: 92%
Magic:  4/4        EV: 11    Int:  7    God:    Trog [**....]
Gold:   155        SH:  0    Dex: 10    Spells: 3/3 levels left

rFire    . . .     SeeInvis +   a - +0 hand axe
rCold    . . .     Gourm    .   (no shield)
rNeg     + . .     Faith    .   l - +0 ring mail
rPois    ∞         Spirit   .   (no helmet)
rElec    +         Reflect  .   v - +0 cloak
rCorr    .         Harm     .   (no gloves)
MR       .....     Rnd*Tele +   p - +1 pair of boots
Stlth    ..........             (no amulet)
Regen    0.2/turn               e - ring of teleportation (curse)
MPRegen  0.1/turn               q - ring of see invisible

@: berserking, very quick
A: negative energy resistance 1, electricity resistance, unbreathing,
petrification resistance, rot immunity, AC +3
a: Berserk, Trog's Hand, Burn Spellbooks, Renounce Religion


You were on level 3 of the Dungeon.
You worshipped Trog.
Trog was pleased with you.
You were very hungry.

You visited 1 branch of the dungeon, and saw 3 of its levels.

You collected 155 gold pieces.

Inventory:

Hand Weapons
 a - a +0 hand axe (weapon)
Missiles
 o - 26 arrows
Armour
 b - a +0 animal skin
 l - a +0 ring mail (worn)
 p - a +1 pair of boots (worn)
 v - a +0 cloak (worn)
Jewellery
 e - a cursed ring of teleportation (left hand)
 j - an uncursed ring of positive energy
 q - a ring of see invisible (right hand)
Wands
 x - a wand of lightning (4/15)
Scrolls
 d - a scroll of blinking {unknown}
 i - 4 scrolls of teleportation {unknown}
 s - 2 scrolls of remove curse {unknown}
 t - a scroll of fear {unknown}
 u - a scroll of magic mapping {unknown}
Potions
 f - a potion of brilliance {unknown}
 g - a potion of resistance {unknown}
 h - a potion of magic {unknown}
 m - 3 potions of flight {unknown}
 n - 2 potions of heal wounds {unknown}
Comestibles
 c - 3 bread rations
 k - 2 meat rations
 r - 4 fruits


   Skills:
 + Level 4.1 Fighting
 + Level 3.2 Axes
 + Level 3.3 Armour
 + Level 2.4 Dodging


You had 3 spell levels left.
You didn't know any spells.

Dungeon Overview and Level Annotations

Branches:
Dungeon (3/15)

Altars:
The Shining One


Innate Abilities, Weirdness & Mutations

You are resistant to torment.
Your stone body is resilient. (AC +3)
You are immune to poison.
You resist negative energy. (rN+)
You are resistant to electric shocks. (rElec)
You can survive without breathing.
You are immune to petrification.
You are immune to rotting.


Message History

You slash the orc priest! You barely miss the orc priest.
You slash the orc priest!
You kill the orc priest!
Trog accepts your kill.
You barely miss the orc priest. The orc priest barely misses you.
You barely miss the orc priest.
The orc priest is severely wounded.
The orc priest completely misses you.
You barely miss the orc priest.
The orc priest is severely wounded.
You hit the orc priest but do no damage.
The orc priest is severely wounded.
The orc priest invokes the aid of Beogh against you.
Beogh smites you!
* * * LOW HITPOINT WARNING * * *
You closely miss the orc priest.
The orc priest is severely wounded.
The orc priest calls down the wrath of Beogh upon you.
Beogh smites you!
You die...

# ##.
#...###
#......
#.?...)###
#....)@.#
#....o###
#...
......#
..# ######
..# ..#
#.# . #.#
. #.#


You could see an orc priest.

Vanquished Creatures
  An orc priest (D:3)
  An adder (D:2)
  An ooze (D:1)
  A dart slug (D:2)
  5 leopard geckos
  3 orcs (D:3)
  A ball python (D:1)
  6 bats
  2 giant cockroaches
  8 goblins
  6 hobgoblins
  6 kobolds
  A quokka (D:2)
  6 frilled lizards
  5 rats
53 creatures vanquished.

Notes
Turn   | Place    | Note
-------+----------+-------------------------------------------
     0 | D:1      | nikopol the Gargoyle Berserker began the quest for the Orb.
     0 | D:1      | Reached XP level 1. HP: 14/14 MP: 1/1
   258 | D:1      | Reached XP level 2. HP: 16/19 MP: 2/2
   428 | D:1      | Reached XP level 3. HP: 14/23 MP: 3/3
   625 | D:1      | Upgraded the game from 0.20-a0-1025-g4706f7e to 0.20-a0-1043-gbd57889
   814 | D:1      | Reached ** piety under Trog
   920 | D:2      | Found a glowing golden altar of the Shining One.
  1045 | D:2      | Reached skill level 4 in Fighting
  1293 | D:2      | Reached XP level 4. HP: 28/29 MP: 4/4
  1835 | D:3      | Killed from afar by an orc priest

Vault maps used:
D:1:      lightli_arrival_farm
D:2:      overflow_temple_1_default
D:3:      evilmike_ruin_ashenzari, first_bread, minmay_misc_feat_nine_boxes,
          kennysheep_generic_room_16

Skill      XL: |  1  2  3  4 |
---------------+-------------+-----
Dodging        | 2 |  2.4
Fighting       | 4 |  4.1
Axes           | 3 |  3.2
Armour         | 3 |  3.3

Action                   |  1- 3 |  4- 6 || total
-------------------------+-------+-------++-------
Melee: Hand axe          |   115 |    51 ||   166
Invok: Berserk           |     1 |     1 ||     2
  Eat: Chunk             |     2 |     2 ||     4
Armor: Animal skin       |    17 |       ||    17
       Ring mail         |    35 |    32 ||    67
Dodge: Dodged            |    74 |    37 ||   111
